 Dungeon Crawl Stone Soup version 0.22-a0-362-g535178c (webtiles) character file.

373 mortelune the Slasher (level 6, -4/73 HPs)
             Began as a Demonspawn Abyssal Knight on Apr 21, 2018.
             Was a Believer of Lugonu.
             Slain by a killer bee (6 damage)
             ... on level 6 of the Dungeon.
             The game lasted 00:14:59 (6504 turns).

mortelune the Slasher (Demonspawn Abyssal Knight)   Turns: 6504, Time: 00:15:00

Health: -4/73      AC: 23    Str: 14    XL:     6   Next: 43%
Magic:  8/8        EV:  2    Int: 13    God:    Lugonu [**....]
Gold:   253        SH:  0    Dex: 13    Spells: 5/5 levels left

rFire    + . .     SeeInvis .   a - +2 falchion
rCold    + . .     Gourm    .   (no shield)
rNeg     + + +     Faith    .   (armour currently unavailable)
rPois    +         Spirit   .   (helmet currently unavailable)
rElec    +         Reflect  .   (cloak currently unavailable)
rCorr    +         Harm     .   (gloves currently unavailable)
MR       .....     NoTele   +   (boots currently unavailable)
Stlth    +.........             (no amulet)
HPRegen  0.22/turn              (no ring)
MPRegen  0.11/turn              (no ring)

@: tree-form, resistant, very slightly contaminated
A: no striking features
a: Depart the Abyss, Bend Space, Renounce Religion


You were on level 6 of the Dungeon.
You worshipped Lugonu.
Lugonu was pleased with you.
You were near starving.
You were a tree.
You visited 1 branch of the dungeon, and saw 7 of its levels.
You visited the Abyss 1 time.

You collected 253 gold pieces.

Inventory:

Hand Weapons
 a - a +2 falchion (weapon)
 o - a +3 mace
 r - a +2 short sword of venom
 u - a +0 scimitar
Armour
 b - a +0 leather armour
 e - a +2 pair of boots of flying (melded)
 h - a +0 helmet (melded)
 m - a +0 plate armour (melded)
 p - a +0 chain mail
Wands
 q - a wand of flame (51)
Scrolls
 d - 3 scrolls of enchant weapon
 j - 7 scrolls of remove curse
 t - a scroll of magic mapping
 v - a scroll of holy word {unknown}
 w - a scroll of fear
Potions
 f - 2 potions of lignification
 g - 3 potions of cancellation
 i - 2 potions of brilliance
 k - a potion of agility
 l - a potion of invisibility
 n - 2 potions of haste
Comestibles
 c - 11 rations


   Skills:
 + Level 4.3 Fighting
 * Level 4.4 Long Blades
 + Level 1.9 Armour
 - Level 2.7 Dodging
 + Level 3.4 Invocations


You had 5 spell levels left.
You didn't know any spells.

Dungeon Overview and Level Annotations

Branches:
Dungeon (7/15)             Temple (0/1) D:5

Altars:
Vehumet
Xom

Annotations:
D:6 Grinder


Innate Abilities, Weirdness & Mutations

((You have very sharp fingernails.))
((Your flesh is heat resistant. (rF+)))


Message History

You fly upwards.
Level annotation: Grinder Grinder blinks!
There is a stone staircase leading down here.
You turn into a tree.
Your +0 helmet melds into your body.
Your +2 pair of boots of flying melds into your body.
Your +0 plate armour melds into your body.
You float gracefully downwards.
Your roots penetrate the ground.
The killer bee stings you.
* * * LOW HITPOINT WARNING * * *
The killer bee stings you but does no damage. x4
The killer bee barely misses you.
You hit the killer bee.
The killer bee is lightly wounded.
The killer bee stings you but does no damage. x6
You completely miss the killer bee.
The killer bee is lightly wounded.
The killer bee stings you but does no damage. x4
The killer bee stings you.
You die...

........#......##############....
.####...##.....##......... #....
## ######....5##..........##....
...........................
....?.....##....########....
....#.....##....##....##....
..........##g.........##....
..#._.#...##..........##....
..........#♣y............)..
...#.....#yy...............
.....(..##....##..........
#....##..........
#....##....##....
......##....######
.......#......# .......(#......#
..##....#......#


You could see 3 killer bees and a hobgoblin.

Vanquished Creatures
  A sky beast (D:5)
  A centaur zombie (D:5)
  An orc priest (D:3)
  An iguana (D:4)
  An orc wizard (D:3)
  Ijyb (D:4)
  A worker ant (D:5)
  A hound skeleton (D:4)
  An adder (D:4)
  An ooze (D:1)
  4 worms
  3 dart slugs (D:1)
  A leopard gecko (D:1)
  An orc (D:3)
  3 ball pythons
  3 giant cockroaches
  10 goblins
  8 hobgoblins
  A quokka (D:3)
  10 bats
  A frilled lizard (D:1)
  8 kobolds
  19 rats
82 creatures vanquished.

Notes
Turn   | Place    | Note
-------+----------+-------------------------------------------
     0 | Abyss:1  | mortelune the Demonspawn Abyssal Knight began the quest for the Orb.
     0 | Abyss:1  | Reached XP level 1. HP: 18/18 MP: 2/2
    54 | Abyss:1  | Noticed a daeva
    55 | D:1      | Escaped the Abyss
    70 | D:1      | Reached skill level 1 in Dodging
   129 | D:1      | Reached * piety under Lugonu
   156 | D:1      | Gained mutation: Your flesh is heat resistant. (rF+) [demonic ancestry]
   156 | D:1      | Reached XP level 2. HP: 23/24 MP: 3/3
   618 | D:1      | Gained mutation: You have sharp fingernails. [demonic ancestry]
   618 | D:1      | Reached XP level 3. HP: 22/29 MP: 4/4
  1667 | D:2      | Reached ** piety under Lugonu
  2587 | D:2      | Reached XP level 4. HP: 32/35 MP: 5/5
  3614 | D:3      | Gained mutation: You have very sharp fingernails. [demonic ancestry]
  3614 | D:3      | Reached XP level 5. HP: 13/42 MP: 6/6
  4164 | D:4      | Found a shimmering altar of Xom.
  4165 | D:4      | Noticed an ogre
  4501 | D:4      | You are sucked into a shaft for 2 floors!
  4535 | D:5      | Entered Level 5 of the Dungeon
  4545 | D:5      | Noticed a sky beast
  4572 | D:5      | Killed a sky beast
  4572 | D:5      | Reached XP level 6. HP: 6/48 MP: 6/8
  4960 | D:4      | Noticed Ijyb
  4983 | D:4      | Killed Ijyb
  5864 | D:5      | Found a staircase to the Ecumenical Temple.
  6323 | D:6      | Noticed Grinder
  6323 | D:6      | Paralysed by Grinder for 4 turns
  6347 | D:6      | Found a radiant altar of Vehumet.
  6502 | D:6      | HP: 1/73 [killer bee (6)]
  6504 | D:6      | Slain by a killer bee

Vault maps used:
D:1:      erik_arrival_orb_chamber, hangedman_abyss_or_decor_stabs,
          minmay_tripent
D:3:      first_ration
D:4:      nicolae_overflow_crystal_walls, uniq_ijyb
D:5:      minmay_temple_entry_fiery
D:6:      vehumet_altar_wand_db, uniq_pikel, uniq_grinder

Skill      XL: |  1  2  3  4  5 |
---------------+----------------+-----
Dodging        | 1 2 |  2.7
Long Blades    | 2 3 4 |  4.4
Fighting       | 4 |  4.3
Invocations    | 3 |  3.4
Armour         | |  1.9

Action                   |  1- 3 |  4- 6 || total
-------------------------+-------+-------++-------
Melee: Falchion          |   133 |   117 ||   250
       Short sword       |       |    47 ||    47
       Scimitar          |       |     9 ||     9
Invok: Depart the Abyss  |     1 |       ||     1
  Use: Potion            |     1 |     7 ||     8
       Scroll            |       |    14 ||    14
  Eat: Chunk             |     5 |    11 ||    16
Armor: Leather armour    |    54 |       ||    54
       Chain mail        |    17 |    81 ||    98
       Plate armour      |       |    64 ||    64
       Skin              |       |    14 ||    14
Dodge: Dodged            |    96 |    50 ||   146
       Rpst.: Falchion   |    31 |    10 ||    41

Table legend:
 A = Spawn XP
 B = Non-spawn XP
 C = Spawn XP percentage of total XP
 D = Spawn monster count
 E = Non-spawn monster count
 F = Spawn count percentage of total count
 G = Total turns spent on level
                    A         B        C        D         E        F      G
               +---------+---------+-------+---------+---------+-------+---------
         Total |       0 |     534 |   0.0 |       0 |      82 |   0.0 |  6504
               +---------+---------+-------+---------+---------+-------+---------
           D:1 |       0 |      72 |   0.0 |       0 |      41 |   0.0 |  1255
           D:2 |       0 |      31 |   0.0 |       0 |      16 |   0.0 |  1831
           D:3 |       0 |     107 |   0.0 |       0 |      15 |   0.0 |  1018
           D:4 |       0 |     116 |   0.0 |       0 |       6 |   0.0 |   579
           D:5 |       0 |     208 |   0.0 |       0 |       4 |   0.0 |  1431
               +---------+---------+-------+---------+---------+-------+---------
